 Dungeon Crawl Stone Soup version 0.30.0-5-g1a98f26d00 (webtiles) character file.

Game seed: 11126080408088933544

80 monsoonserge the Cutter (level 4, -1/29 HPs)
             Began as a Kobold Cinder Acolyte on May 13, 2023.
             Was a High Priest of Ignis.
             Succumbed to a water moccasin's poison
             ... in a sewer.
             The game lasted 00:06:58 (2181 turns).

monsoonserge the Cutter (Kobold Cinder Acolyte)     Turns: 2181, Time: 00:06:58

Health: -1/29      AC:  6    Str: 11    XL:     4   Next: 65%
Magic:  1/5        EV: 11    Int: 15    God:    Ignis [*****.]
Gold:   105        SH:  3    Dex: 12    Spells: 3/5 levels left

rFire   + . .        a - -1 short sword (flame)
rCold   . . .        r - +0 buckler
rNeg    . . .        n - +0 ring mail
rPois   .            (no helmet)
rElec   .            (no cloak)
rCorr   .            h - +0 pair of gloves
SInv    .            (no boots)
Will    .....        (no amulet)
Stlth   ++           (no ring)
HPRegen 0.24/turn    (no ring)
MPRegen 0.09/turn

%: no passive effects
@: lethally poisoned (-1 -> -18), very slightly contaminated
A: small, no large weapons, nightstalker 3
a: Renounce Religion, Fiery Armour, Foxfire Swarm, Rising Flame


You were in a sewer.
You worshipped Ignis.
Ignis was extremely pleased with you.
You visited 1 branch of the dungeon, and saw 3 of its levels.
You also visited: Sewer.

You collected 105 gold pieces.

Inventory:

Hand Weapons
 a - a -1 short sword of flaming (weapon)
Missiles
 m - 26 stones
 o - 2 boomerangs (quivered)
Armour
 e - a +0 leather armour
 h - a +0 pair of gloves (worn)
 n - a +0 ring mail (worn)
 r - a +0 buckler (worn)
Scrolls
 d - a scroll of enchant weapon {unknown}
 f - a scroll of amnesia {unknown}
 g - a scroll of noise {unknown}
 i - a scroll of vulnerability {unknown}
 k - a scroll of poison {unknown}
 p - a scroll of fog {unknown}
 q - a scroll of teleportation {unknown}
Potions
 b - 2 potions of lignification {unknown}
 c - 2 potions of brilliance {unknown}
 j - a potion of mutation {unknown}
 l - a potion of curing {unknown}
 s - a potion of haste


   Skills:
 + Level 3.7 Fighting
 + Level 5.1 Short Blades
 * Level 1.0 Armour
 + Level 0.7 Dodging
 + Level 1.1 Stealth
 + Level 1.2 Spellcasting
 * Level 3.4 Fire Magic


You had 3 spell levels left.
You knew the following spells:

 Your Spells              Type           Power      Damage    Failure   Level
a - Scorch                Fire           22%        2d5       30%         2

Your spell library contained the following spells:

 Spells                   Type           Power      Damage    Failure   Level
 Gell's Gravitas          Tloc           0%         N/A       95%         3
 Teleport Other           Tloc           0%         N/A       95%         3
 Cause Fear               Hex            0%         N/A       100%        4
 Dispersal                Tloc           0%         N/A       100%        6
 Dragon Form              Tmut           0%         N/A       100%        7
 Dragon's Call            Summ           0%         N/A       100%        9


Dungeon Overview and Level Annotations

Branches:
Dungeon (3/15)              Sewer (1/1)

Altars:


Innate Abilities, Weirdness & Mutations

You are small and have problems with some larger weapons.
You are completely attuned to the shadows.


Message History

The spell is quite dangerous to miscast (30% risk of failure)!
Continue anyway?
Okay, then.
You miss the bat. The bat misses you. The bat barely misses you.
The bat hits you but does no damage.
You miss the bat. The bat hits you. The bat hits you but does no damage.
You block the bat's attack.
You hit the bat. You burn the bat.
You kill the bat!
s - a potion of haste
There are no items here.
A water moccasin comes into view.
Casting: Scorch (quite dangerous; 30% risk of failure)
Confirm with . or Enter, or press ? or * to list all spells.
The spell is quite dangerous to miscast (30% risk of failure)!
Continue anyway?
You miscast Scorch.
You are very lightly contaminated with residual magic.
Nothing appears to happen.
Casting: Scorch (quite dangerous; 30% risk of failure)
Confirm with . or Enter, or press ? or * to list all spells.
The spell is quite dangerous to miscast (30% risk of failure)!
Continue anyway?
You miscast Scorch.
Nothing appears to happen.
The water moccasin bites you.
You closely miss the water moccasin. The water moccasin bites you.
You block the water moccasin's attack.
You barely miss the water moccasin. The water moccasin bites you.
You hit the water moccasin but do no damage.
The water moccasin bites you!
You are too injured to fight recklessly!
You are too injured to fight recklessly!
You closely miss the water moccasin. The water moccasin bites you!
* * * LOW HITPOINT WARNING * * *
Okay, then.
You hit the water moccasin but do no damage.
The water moccasin bites you but does no damage.
You closely miss the water moccasin. The water moccasin bites you.
* * * LOW HITPOINT WARNING * * *
You are lethally poisoned!
The water moccasin poisons you!
You hit the water moccasin. You burn the water moccasin.
The water moccasin is lightly wounded.
You die...

#.# ###### #.#
##.....## #.#
##...≈...#
#.#######...≈≈≈...
#..........≈≈≈≈≈.∩
#.#######...≈≈≈...
#.# ##...≈†.†# #.#
##.....## #@#
####### #..S..#
#.......#
#.......#
#.......#


You could see a water moccasin.

Vanquished Creatures
  3 adders (D:2)
  4 endoplasms
  4 giant cockroaches
  6 hobgoblins
  3 jackals (D:2)
  3 kobolds
  A quokka (D:3)
  7 ball pythons
  7 bats
  6 frilled lizards
  3 goblins
  6 rats
53 creatures vanquished.

Notes
Turn   | Place    | Note
-------+----------+-------------------------------------------
     0 | D:1      | monsoonserge the Kobold Cinder Acolyte began the quest for
                  | the Orb.
     0 | D:1      | Reached XP level 1. HP: 14/14 MP: 2/2
    70 | D:1      | Reached XP level 2. HP: 18/19 MP: 3/3
    80 | D:1      | Learned a level 2 spell: Scorch
   533 | D:1      | Reached XP level 3. HP: 23/23 MP: 4/4
   730 | D:1      | Found a faded altar of an unknown god.
  1186 | D:2      | Reached skill level 5 in Short Blades
  1315 | D:2      | Reached XP level 4. HP: 28/28 MP: 5/5
  1354 | D:2      | Reached skill level 1 in Stealth
  2044 | D:3      | Reached skill level 1 in Armour
  2047 | D:3      | Found a glowing drain.
  2092 | Sewer    | Entered a sewer
  2172 | Sewer    | Noticed a water moccasin
  2181 | Sewer    | Succumbed to a water moccasin's poison

Illustrated notes

Levels and vault maps discovered:
D:1:      lightli_arrival_farm, layout_rooms,
          shapermc_ecumenical_altar_mp_vishouse, chequers_serial_rivers_small_3
D:2:      kennysheep_big_flooded_room, layout_loops_ring
D:3:      minmay_roachtagon, layout_loops_ring, lemuel_coloured_pillars_altar,
          portal_sewer_entry_a, serial_shops,
          nicolae_shop_pleasant_corner_grove, chequers_serial_rivers_micro_d,
          nicolae_elevator_lobby_plus, uniq_grinder
Sewer:    sewer_big_baddie

Skill      XL: |  1  2  3  4 |
---------------+-------------+-----
Short Blades   | 5 |  5.1
Stealth        | 1 |  1.1
Armour         | 1 |  1.0
Fighting       | |  3.7
Dodging        | |  0.7
Spellcasting   | |  1.2
Fire Magic     | |  3.4

Action                     |  1- 3 |  4- 6 || total
---------------------------+-------+-------++-------
  Melee: Short sword       |    98 |    71 ||   169
  Throw: Boomerang         |     1 |       ||     1
   Cast: Scorch            |     5 |     6 ||    11
   Stab: Sleeping          |     4 |     4 ||     8
 Armour: Leather armour    |    12 |       ||    12
         Ring mail         |    12 |    29 ||    41
  Dodge: Dodged            |    58 |    28 ||    86
  Block: Buckler           |       |     2 ||     2
